 Dungeon Sprint DCSS version 0.23.0-3-gf3c87f2 (webtiles) character file.

Game seed: 1489982687163765499

9 nuthulu the Insei (level 2, -3/21 HPs)
             Began as a Demonspawn Transmuter on Feb 21, 2019.
             Was a Follower of Dithmenos.
             Slain by a wight
             ... wielding a +3 great sword of freezing
              (13 damage)
             ... in the Dungeon (Sprint VII: "The Pits").
             The game lasted 00:00:48 (311 turns).

nuthulu the Insei (Demonspawn Transmuter)            Turns: 311, Time: 00:00:48

Health: -3/21      AC:  2    Str: 10    XL:     2   Next: 6%
Magic:  5/6        EV: 12    Int: 14    God:    Dithmenos [*.....]
Gold:   0          SH:  0    Dex: 13    Spells: 6/7 levels left

rFire    . . .     SeeInvis .     - Unarmed
rCold    . . .     Gourm    .   (no shield)
rNeg     . . .     Faith    .   b - +0 robe
rPois    .         Spirit   .   (no helmet)
rElec    .         Reflect  .   (no cloak)
rCorr    .         Harm     .   (no gloves)
MR       .....     NoTele   +   (no boots)
Stlth    +.........             (no amulet)
HPRegen  0.07/turn              (no ring)
MPRegen  0.10/turn              (no ring)

@: appendage (expiring), wreathed by umbra, lightly drained
A: horns 2, talons 1
a: End Transformation, Renounce Religion


You were in the Dungeon.
You worshipped Dithmenos.
Dithmenos was aware of your devotion.
You were not hungry.
You had grown temporary horns.
You visited 1 branch

Inventory:

Missiles
 a - 12 arrows
Armour
 b - a +0 robe (worn)
Scrolls
 j - a scroll of blinking
 k - 3 scrolls of remove curse
 l - 5 scrolls of amnesia
 m - a scroll of summoning
Potions
 c - 2 potions of invisibility
 e - a potion of curing
 f - a potion of heal wounds
 g - a potion of haste
 h - 4 potions of magic
 i - 3 potions of berserk rage
Comestibles
 d - 9 rations
 n - 2 chunks of flesh


   Skills:
 + Level 1.0(0.7) Fighting
 + Level 2.2(2.0) Dodging
 * Level 0.2(0.0) Stealth
 + Level 3.4(3.2) Unarmed Combat
 + Level 3.1(2.9) Spellcasting
 + Level 2.0(1.8) Transmutations


You had 6 spell levels left.
You knew the following spells:

 Your Spells              Type           Power        Failure   Level  Hunger
a - Beastly Appendage     Tmut           #.....       10%         1    #......

Your spell library contained the following spells:

 Spells                   Type           Power        Failure   Level  Hunger
 Sticks to Snakes         Tmut           #.......     16%         2    ##.....
 Spider Form              Tmut/Pois      #.........   41%         3    ###....
 Ice Form                 Ice/Tmut       #.......     83%         4    #####..
 Blade Hands              Tmut           #.........   95%         5    ######.


Dungeon Overview and Level Annotations

Branches:
Dungeon (1/1)

Altars:
Ashenzari
Cheibriados
Dithmenos
Elyvilon
Fedhas
Gozag
Hepliaklqana
Kikubaaqudgha
Makhleb
Nemelex Xobeh
Okawaru
Qazlal
Ru
Sif Muna
Trog
Uskayaw
Vehumet
Wu Jian
Xom
Yredelemnul
Zin
The Shining One
Beogh
Jiyva
Lugonu


Innate Abilities, Weirdness & Mutations

You have sharp toenails.
You have a pair of horns on your head.


Message History

You grow a pair of large bovine horns.
The wight barely misses you.
You closely miss the wight. The wight misses you.
You hit the wight but do no damage. You claw the wight, but do no damage.
Some of the chunks of flesh in your inventory have rotted away.
You hit the wight but do no damage.
You headbutt the wight, but do no damage.
The wight hits you with a +3 great sword of freezing.
The wight freezes you.
You barely miss the wight.
Your transformation is almost over.
The wight misses you.
You hit the wight.
The wight is moderately damaged.
The wight hits you from afar with a +1 trident!
The floating eye turns its gaze towards you.
The wight hits you with a +1 trident.
You feel drained. The frilled lizard barely misses you.
The frilled lizard closely misses you.
The wight hits you with a +3 great sword of freezing!
Ouch! That really hurt!
You die...

##########'##........
#.?(.')))'.##......#.
##########.##........
#...........'........
+#####'#####......#.
#...#)# #........
#...#.# ####'####
#.z.'.# #.......#
##@#### #.......#


#zllG.# #.......# #..z..# #...<...# #....... #.......# #........##.......#
###########.......# ######### You could see a floating eye, 3 wights and 2
frilled lizards.

Vanquished Creatures
  An ooze (D)
  A giant cockroach (D)
  A kobold (D)
  A quokka (D)
  A ball python (D)
5 creatures vanquished.

Notes
Turn   | Place    | Note
-------+----------+-------------------------------------------
     0 | D        | nuthulu the Demonspawn Transmuter began the quest for the
                  | Orb.
     0 | D        | Reached XP level 1. HP: 15/15 MP: 3/3
    42 | D        | Found a bloodstained altar of Trog.
    42 | D        | Found a deep blue altar of Sif Muna.
    42 | D        | Found a viscous altar of Jiyva.
    42 | D        | Found a hazy altar of Hepliaklqana.
    42 | D        | Found an opulent altar of Gozag.
    43 | D        | Found a glowing golden altar of the Shining One.
    43 | D        | Found a glowing silver altar of Zin.
    43 | D        | Found a basalt altar of Yredelemnul.
    43 | D        | Found a shimmering altar of Xom.
    43 | D        | Found an ornate altar of the Wu Jian Council.
    43 | D        | Found a sacrificial altar of Ru.
    43 | D        | Found a stormy altar of Qazlal.
    43 | D        | Found an iron altar of Okawaru.
    43 | D        | Found a sparkling altar of Nemelex Xobeh.
    43 | D        | Found a burning altar of Makhleb.
    43 | D        | Found a blossoming altar of Fedhas.
    43 | D        | Found a white marble altar of Elyvilon.
    43 | D        | Found a shadowy altar of Dithmenos.
    43 | D        | Found a snail-covered altar of Cheibriados.
    44 | D        | Found a radiant altar of Vehumet.
    44 | D        | Found a corrupted altar of Lugonu.
    44 | D        | Found a roughly hewn altar of Beogh.
    45 | D        | Found a hide-covered altar of Uskayaw.
    45 | D        | Found an ancient bone altar of Kikubaaqudgha.
    45 | D        | Found a shattered altar of Ashenzari.
    50 | D        | Became a worshipper of Dithmenos the Shadowed
   124 | D        | Reached * piety under Dithmenos
   127 | D        | Mutation became permanent: You have razor-sharp toenails.
                  | [demonic ancestry]
   127 | D        | Gained mutation: You have claws for feet. [demonic
                  | ancestry]
   127 | D        | Reached XP level 2. HP: 15/21 MP: 4/6
   303 | D        | Noticed a floating eye
   303 | D        | Noticed a wight
   303 | D        | Noticed a wight
   303 | D        | Noticed a wight
   311 | D        | Slain by a wight

Skill      XL: |  1 |
---------------+----+-----
Transmutations | 2 |  2.0
Dodging        | 2 |  2.2
Unarmed Combat | 3 |  3.4
Spellcasting   | 3 |  3.1
Fighting       | |  1.0
Stealth        | |  0.2

Action                   || total
-------------------------++-------
Melee: Unarmed           ||    16
       Kick              ||     3
       Headbutt          ||     3
 Cast: Beastly Appendage ||     3
 Stab: Sleeping          ||     2
Armor: Robe              ||     1
Dodge: Dodged            ||    10
